 Dungeon Crawl Stone Soup version 0.24.1 (webtiles) character file.

Game seed: 11195245486323103740, levelgen mode: deterministic

1801 MisterOstroum the Slinger (level 9, 58/62 HPs)
             Began as a Halfling Arcane Marksman on Mar 24, 2020.
             Was a Believer of Fedhas.
             Quit the game on level 7 of the Dungeon on Apr 5, 2020.
             The game lasted 00:23:46 (8372 turns).

MisterOstroum the Slinger (HaAM)                    Turns: 8372, Time: 00:23:47

Health: 58/62      AC:  4    Str: 12    XL:     9   Next: 30%
Magic:  11/11      EV: 15    Int: 13    God:    Fedhas [**....]
Gold:   260        SH:  6    Dex: 15    Spells: 5/11 levels left

rFire    + . .     SeeInvis .   b - +2 short sword (venom)
rCold    . . .     Gourm    +   h - +0 buckler
rNeg     . . .     Faith    .   f - +0 robe
rPois    .         Spirit   .   y - +0 helmet (curse)
rElec    .         Reflect  .   (no cloak)
rCorr    .         Harm     .   g - +0 pair of gloves
MR       .....                  (no boots)
Stlth    ++........             B - amulet of the gourmand
HPRegen  0.20/turn              x - ring of protection from fire
MPRegen  0.12/turn              H - ring of wizardry

@: no status effects
A: small, mutation resistance 1
a: Wall of Briars, Renounce Religion


You were on level 7 of the Dungeon.
You worshipped Fedhas.
Fedhas was pleased with you.
You were full.

You visited 2 branches of the dungeon, and saw 9 of its levels.

You collected 260 gold pieces.

Inventory:

Hand Weapons
 a - a +1 hunting sling
 b - a +2 short sword of venom (weapon)
 M - a +0 dagger
Missiles
 c - 39 bolts
 k - 85 arrows
 q - 6 poisoned darts
 r - 76 stones
 D - 23 sling bullets
 O - a throwing net (quivered) {!f}
Armour
 d - a +3 chain mail
 f - a +0 robe (worn)
 g - a +0 pair of gloves (worn)
 h - a +0 buckler (worn)
 m - a +0 plate armour
 y - a cursed +0 helmet (worn)
 N - a +0 leather armour of cold resistance
Jewellery
 x - a ring of protection from fire (left hand)
 z - an uncursed amulet of magic regeneration
 B - an amulet of the gourmand (around neck)
 H - a ring of wizardry (right hand)
Wands
 u - a wand of clouds (4)
 L - a wand of acid (8)
 P - a wand of digging (5)
Scrolls
 i - a scroll of enchant weapon
 n - 5 scrolls of remove curse {@r2}
 p - 2 scrolls of fog {!r}
 s - a scroll of immolation {unknown}
 v - a scroll of enchant armour {unknown}
 w - a scroll of magic mapping {unknown}
 F - 2 scrolls of identify {@r1}
 K - a scroll of fear {unknown}
Potions
 l - a potion of brilliance {unknown}
 o - a potion of resistance {unknown}
 t - a potion of lignification {unknown}
 A - a potion of haste {@q4 !q}
 C - a potion of degeneration {unknown}
 E - 2 potions of invisibility {unknown}
 G - a potion of cancellation {unknown}
 I - a potion of mutation {unknown}
 J - a potion of magic
 Q - a potion of ambrosia {unknown}
 R - a potion of flight {unknown}
Comestibles
 e - 5 rations


   Skills:
 * Level 5.8 Fighting
 * Level 3.0 Short Blades
 - Level 9.1 Slings
 - Level 2.1 Dodging
 - Level 3.0 Stealth
 + Level 5.0 Shields
 - Level 1.9 Spellcasting
 + Level 3.3 Hexes
 + Level 1.0 Translocations


You had 5 spell levels left.
You knew the following spells:

 Your Spells              Type           Power        Failure   Level  Hunger
a - Corona                Hex            #......      2%          1    ##.....
b - Slow                  Hex            #.......     4%          2    ###....
c - Portal Projectile     Hex/Tloc       #.....       13%         3    ####...

Your spell library contained the following spells:

 Spells                   Type           Power        Failure   Level  Hunger
 Ensorcelled Hibernation  Hex/Ice        #.....       9%          2    ###....
 Confuse                  Hex            #.......     9%          3    ####...
 Tukima's Dance           Hex            #.......     9%          3    ####...
 Sandblast                Erth           #.....       11%         1    ##.....
 Passwall                 Tmut/Erth      #.......     16%         2    ###....
 Dazzling Spray           Conj/Hex       #.....       16%         3    ####...
 Inner Flame              Hex/Fire       #.......     16%         3    ####...
 Cause Fear               Hex            #.........   26%         4    #####..
 Stone Arrow              Conj/Erth      #.....       32%         3    ####...
 Leda's Liquefaction      Hex/Erth       #.........   45%         4    #####..
 Petrify                  Tmut/Erth      #.......     69%         4    #####..
 Lee's Rapid Deconstruct  Erth           #.........   95%         5    ######.


Dungeon Overview and Level Annotations

Branches:
Dungeon (8/15)             Temple (1/1) D:4
   Lair: D:8-11

Altars:
Ashenzari
Elyvilon
Fedhas
Hepliaklqana
Makhleb
Qazlal
Ru
Sif Muna
Trog
Vehumet
Xom

Annotations:
D:2 1 runed translucent door, exclusions: door and 1 more exclusion, Crazy Yiuf
D:3 2 transporters, hitsuchi's ghost, amateur OgHu


Innate Abilities, Weirdness & Mutations

You are small and have problems with some larger weapons.
You are somewhat resistant to further mutation.


Message History

Aim: a leopard gecko (moderately wounded, clinging)
You shoot a stone. The stone hits the leopard gecko.
The leopard gecko is heavily wounded.
Firing (i - inventory. (/) - cycle)
r - 77 stones (quivered)
Press: ? - help, Shift-Dir - straight line, f/p - leopard gecko
Aim: a leopard gecko (heavily wounded, clinging)
You shoot a stone. The stone misses the leopard gecko.
Firing (i - inventory. (/) - cycle)
r - 76 stones (quivered)
Press: ? - help, Shift-Dir - straight line, f/p - leopard gecko
Aim: a leopard gecko (heavily wounded, clinging)
You shoot a stone.
The stone completely misses the leopard gecko.
You block the leopard gecko's attack.
Your +2 short sword of venom begins to drip with poison!
b - a +2 short sword of venom (weapon)
The leopard gecko bites you.
You completely miss the leopard gecko.
The leopard gecko is heavily wounded.
You block the leopard gecko's attack.
You hit the leopard gecko.
The leopard gecko is poisoned.
The leopard gecko is almost dead.
You kill the leopard gecko!
Fedhas accepts your kill.
You see here a leopard gecko corpse.
Unknown command.
The hound zombie is too close now for your liking.
A hound zombie is nearby!
A hound zombie is nearby!
Throwing (i - inventory. (/) - cycle)
q - 6 poisoned darts (quivered)
Press: ? - help, Shift-Dir - straight line, f - hound zombie
Aim: a hound zombie (hasn't noticed you)
You throw a poisoned dart.
The poisoned dart hits the hound zombie.
You see here a leopard gecko corpse.
Quiver which item? (- for none, * to show all) (? for menu, Esc to quit)
Quivering
r - 75 stones for throwing.
Throwing (i - inventory. (/) - cycle)
r - 75 stones (quivered)
Press: ? - help, Shift-Dir - straight line, f/p - hound zombie
Aim: a hound zombie You throw a stone.
The stone barely misses the hound zombie.
Throwing (i - inventory. (/) - cycle)
r - 74 stones (quivered)
Press: ? - help, Shift-Dir - straight line, f/p - hound zombie
Aim: a hound zombie
Okay, then.
Quiver which item? (- for none, * to show all) (? for menu, Esc to quit)
Quivering
O - 2 throwing nets {!f} for throwing.
Throwing (i - inventory. (/) - cycle)
O - 2 throwing nets (quivered)
{!f}
Press: ? - help, Shift-Dir - straight line, f/p - hound zombie
Aim: a hound zombie Really fire
O - 2 throwing nets {!f}?
You throw a throwing net {!f}.
The throwing net {!f} hits the hound zombie.
The hound zombie is caught in the net!
The hound zombie struggles against the net.
You hit the hound zombie.
The hound zombie is lightly damaged.
The hound zombie struggles against the net.
You hit the hound zombie.
The hound zombie is moderately damaged.
The hound zombie struggles against the net.
You hit the hound zombie.
The hound zombie is moderately damaged.
The hound zombie struggles against the net. x2
The net rips apart, and the hound zombie comes free!
You hit the hound zombie.
The hound zombie is heavily damaged.
You block the hound zombie's attack.
You barely miss the hound zombie.
The hound zombie is heavily damaged.
The hound zombie barely misses you.
You hit the hound zombie.
The hound zombie is severely damaged.
You block the hound zombie's attack.
You barely miss the hound zombie.
The hound zombie is severely damaged.
You block the hound zombie's attack.
You puncture the hound zombie!
You destroy the hound zombie!
Fedhas accepts your kill.
Your Short Blades skill increases to level 3!
Your Translocations skill increases to level 1!
You see here a leopard gecko corpse.
Found a dagger.
r - 75 stones (gained 1)
r - 76 stones (gained 1)
A bullfrog comes into view.
The bullfrog moves out of view.
An orc warrior comes into view. It is wielding a +0 halberd.
An orc warrior is nearby!
An orc warrior is nearby!
An orc warrior is nearby!
An orc wizard comes into view. It is wielding a +0 rapier.
The orc wizard moves out of view.
q - 6 poisoned darts (gained 1) No target in view!
No target in view!
The orc wizard is too close now for your liking.
An orc wizard is nearby!
Are you sure you want to abandon this character and quit the game? (Confirm with "yes".)

####.##...........#
.....####.##...#.##
..#..####.##...###
..#.......##..†#
.....#######...# .)#..#
#...# .....# #...#
>...########...#####.#.o
..###...........@.......
).............(........#
.####...........).....#.
.# ######...#####.## ##
#...# .. # #...# ## #
#...# # ######...# #
#<.......


You could see an orc wizard (wandering).

Vanquished Creatures
  A water moccasin (D:7)
  A sky beast (D:5)
  2 ice beasts (D:7)
  An orc warrior (D:6)
  An ogre (D:5)
  A centaur (D:6)
  A big kobold (D:6)
  A bullfrog (D:7)
  2 scorpions
  A killer bee (D:7)
  A water moccasin skeleton (D:7)
  2 crimson imps
  3 bullfrog zombies
  A hound (D:4)
  A bullfrog skeleton (D:5)
  2 jellies
  2 orc priests
  3 orc wizards
  An iguana (D:3)
  2 worker ants (D:4)
  A hound zombie (D:7)
  A hound skeleton (D:4)
  Robin (D:2)
  A worker ant zombie (D:5)
  3 gnolls (D:7)
  8 adders
  2 oozes
  An adder skeleton (D:5)
  A worm (D:4)
  A dart slug (D:1)
  3 leopard geckos
  9 orcs
  5 bats (D:2)
  5 giant cockroaches
  3 hobgoblins (D:2)
  6 jackals
  6 quokkas
  4 frilled lizards
  12 goblins
  A jackal skeleton (D:4)
  8 kobolds
  A leopard gecko skeleton (D:4)
  6 rats
119 creatures vanquished.

Vanquished Creatures (collateral kills)
  2 killer bees (D:7)
  A quasit (D:7)
3 creatures vanquished.

Grand Total: 122 creatures vanquished

Notes
Turn   | Place    | Note
-------+----------+-------------------------------------------
     0 | D:1      | MisterOstroum the Halfling Arcane Marksman began the quest
                  | for the Orb.
     0 | D:1      | Reached XP level 1. HP: 12/12 MP: 2/2
    16 | D:1      | Reached skill level 1 in Fighting
   226 | D:1      | Reached XP level 2. HP: 18/18 MP: 3/3
   713 | D:2      | Reached XP level 3. HP: 24/24 MP: 4/4
   754 | D:2      | Reached skill level 4 in Slings
  1063 | D:2      | Found a blossoming altar of Fedhas.
  1074 | D:2      | Became a worshipper of Fedhas Madash
  1121 | D:2      | Reached XP level 4. HP: 29/29 MP: 5/5
  1181 | D:2      | Noticed Robin
  1236 | D:2      | Killed Robin
  1500 | D:2      | Reached skill level 1 in Stealth
  1604 | D:2      | Found a runed translucent door.
  1605 | D:2      | Noticed Crazy Yiuf
  1671 | D:3      | Found a white marble altar of Elyvilon.
  1767 | D:3      | Learned a level 2 spell: Slow
  1805 | D:3      | Reached skill level 5 in Slings
  1805 | D:3      | Reached XP level 5. HP: 35/35 MP: 6/6
  1825 | D:3      | Reached skill level 1 in Shields
  1987 | D:3      | Found a shattered altar of Ashenzari.
  2039 | D:3      | Noticed an ogre
  2109 | D:3      | Found a transporter.
  2112 | D:3      | Noticed hitsuchi's ghost (amateur OgHu)
  2114 | D:3      | Identified the +3 dire flail of Defiance {holy, +Blink rF+
                  | rC+ Int-2}
  2114 | D:3      | Noticed an ogre
  2538 | D:3      | Found a transporter.
  2779 | D:4      | Reached * piety under Fedhas
  2843 | D:4      | Reached XP level 6. HP: 42/42 MP: 7/7
  3441 | D:4      | Reached skill level 6 in Slings
  3603 | D:4      | Found a staircase to the Ecumenical Temple.
  3612 | Temple   | Entered the Ecumenical Temple
  4094 | D:5      | Entered Level 5 of the Dungeon
  4346 | D:5      | Reached XP level 7. HP: 33/47 MP: 8/8
  5005 | D:5      | Reached skill level 7 in Slings
  5156 | D:5      | Found a shimmering blue altar of Sif Muna.
  5246 | D:6      | Found a shimmering altar of Xom.
  5311 | D:6      | Reached ** piety under Fedhas
  5311 | D:6      | Reached XP level 8. HP: 42/54 MP: 10/10
  6427 | D:6      | Learned a level 3 spell: Portal Projectile
  6507 | D:6      | Reached skill level 8 in Slings
  7078 | D:7      | Reached skill level 5 in Fighting
  7598 | D:7      | Reached XP level 9. HP: 61/61 MP: 11/11
  7636 | D:7      | Reached skill level 9 in Slings
  7762 | D:8      | Noticed a hippogriff
  8090 | D:7      | Found a sacrificial altar of Ru.
  8090 | D:7      | Found a stormy altar of Qazlal.
  8174 | D:7      | Reached skill level 5 in Shields
  8226 | D:7      | Reached skill level 1 in Translocations
  8372 | D:7      | Quit the game

Levels and vault maps discovered:
D:1:      doesnt_arrival_eight_statues, layout_rooms, hex_large
D:2:      layout_basic, fedhas_altar_2, uniq_crazy_yiuf_cottage, uniq_robin
D:3:      layout_basic, nicolae_overflow_crystal_walls, elyvilon_altar_4,
          first_ration, gammafunk_ghost_smash, serial_curves, eino_curves_04,
          eino_curves_02
D:4:      layout_gridville, minmay_temple_entry_purple_smoke
D:5:      layout_rooms, kennysheep_little_box, serial_glass, glass_columns_c,
          glass_columns_c, glass_columns_a, glass_columns_a
D:6:      layout_loops_ring, basic_altar, lexackson_kobold_supper
D:7:      layout_loops_cross, cheibriados_altar_1,
          gammafunk_temple_overflow_elements, glass_columns_b, st_stairs_14
D:8:      layout_loops_corners, nicolae_overflow_hidden_temple,
          grunt_ministairs_3
Temple:   cyrus_circular_temple

Skill      XL: |  1  2  3  4  5  6  7  8  9 |
---------------+----------------------------+-----
Fighting       | 1 2 3 4 5 |  5.8
Slings         | 4 5 6 7 8 9 |  9.1
Stealth        | 1 2 3 |  3.0
Shields        | 1 2 4 5 |  5.0
Hexes          | 3 |  3.3
Short Blades   | 2 3 |  3.0
Translocations | 1 |  1.0
Dodging        | |  2.1
Spellcasting   | |  1.9

Action                   |  1- 3 |  4- 6 |  7- 9 || total
-------------------------+-------+-------+-------++-------
Melee: Unarmed           |    27 |       |       ||    27
       Dagger            |     4 |    10 |       ||    14
       Short sword       |       |       |    60 ||    60
 Fire: Hunting sling     |    58 |   196 |   296 ||   550
Throw: Dart              |    10 |    23 |    11 ||    44
       Stone             |       |       |     1 ||     1
       Throwing net      |       |       |     1 ||     1
 Cast: Corona            |       |    13 |     7 ||    20
       Slow              |       |     5 |    14 ||    19
       Portal Projectile |       |       |     1 ||     1
Invok: Wall of Briars    |       |       |     2 ||     2
Evoke: Wand              |       |       |     1 ||     1
  Use: Scroll            |     2 |     2 |     4 ||     8
       Potion            |       |       |     4 ||     4
  Eat: Chunk             |     1 |    10 |    19 ||    30
Armor: Plate armour      |    13 |       |       ||    13
       Robe              |     4 |    13 |    29 ||    46
Dodge: Dodged            |    25 |    63 |   141 ||   229
Block: Buckler           |       |     4 |    34 ||    38
